| TOP OF THE 1ST |
|
Harrisburg Senators batting - Pitching for Mississippi Braves : RHP Sean Geer
|
|
Pitching: RHP Sean Geer
|
|
|
Batting: RHB Pat Drader
|
0-0: Foul Ball, location: 2F 0-1: Ball 1-1: Fly out, F4 (Popup, 34, EV 69.4 MPH)
|
|
Batting: RHB Ryan Hiemer
|
0-0: Called Strike 0-1: Swinging Strike 0-2: Strikes out swinging
|
|
Batting: LHB John Luke
|
0-0: Ball 1-0: Ground out 5-3 (Groundball, 56, EV 82.5 MPH)
|
| Top of the 1st over - 0 runs, 0 hits, 0 errors, 0 left on base; Harrisburg 0 - Mississippi 0 |
| BOTTOM OF THE 1ST |
|
Mississippi Braves batting - Pitching for Harrisburg Senators : RHP Alex Vasquez
|
|
Pitching: RHP Alex Vasquez
|
|
|
Batting: LHB Tsutomu Miyahara
|
0-0: Foul Ball, location: 2F 0-1: Ball 1-1: Ground out 4-3 (Groundball, 4, EV 103.1 MPH)
|
|
Batting: RHB Ike Trout
|
0-0: Ball 1-0: Ball 2-0: Ball 3-0: Called Strike 3-1: Base on Balls
|
|
Batting: RHB Xavier Davis
|
0-0: Called Strike Ike Trout steals 2nd base 0-1: Swinging Strike 0-2: Ball 1-2: Strikes out swinging
|
|
Batting: SHB Bob Morales
|
0-0: Called Strike 0-1: SINGLE (Groundball, 34D, EV 96.2 MPH) Ike Trout to third Runner from 3rd tries for Home, SAFE, throw by RF to home
|
|
Batting: LHB Oke Monti
|
0-0: Ball 1-0: Ball Bob Morales is caught stealing 2nd base 2-6
|
| Bottom of the 1st over - 1 run, 1 hit, 0 errors, 0 left on base; Harrisburg 0 - Mississippi 1 |
| TOP OF THE 2ND |
|
Harrisburg Senators batting - Pitching for Mississippi Braves : RHP Sean Geer
|
|
Batting: RHB Kevin Wick
|
0-0: Ball 1-0: Called Strike 1-1: Ball 2-1: Foul Ball, location: 2F 2-2: Foul Ball, location: 2F 2-2: Fly out, F8 (Line Drive, 8RD, EV 100.0 MPH)
|
|
Batting: RHB Jim Miske
|
0-0: Ground out 6-3 (Groundball, 6, EV 75.6 MPH)
|
|
Batting: RHB Ben Welt
|
0-0: Ground out 4-3 (Groundball, 4, EV 80.0 MPH)
|
| Top of the 2nd over - 0 runs, 0 hits, 0 errors, 0 left on base; Harrisburg 0 - Mississippi 1 |
| BOTTOM OF THE 2ND |
|
Mississippi Braves batting - Pitching for Harrisburg Senators : RHP Alex Vasquez
|
|
Batting: LHB Oke Monti
|
0-0: Foul Ball, location: 2F 0-1: Foul Ball, location: 2F 0-2: Strikes out swinging
|
|
Batting: RHB Hieronim Rutkowski
|
0-0: Swinging Strike 0-1: Ball 1-1: Ball 2-1: Called Strike 2-2: Ball 3-2: Strikes out looking
|
|
Batting: LHB Luis Cruz
|
0-0: Swinging Strike 0-1: Ball 1-1: Ground out 5-3 (Groundball, 56, EV 83.1 MPH)
|
| Bottom of the 2nd over - 0 runs, 0 hits, 0 errors, 0 left on base; Harrisburg 0 - Mississippi 1 |
| TOP OF THE 3RD |
|
Harrisburg Senators batting - Pitching for Mississippi Braves : RHP Sean Geer
|
|
Batting: RHB John McNeill
|
0-0: Called Strike 0-1: Ground out 6-3 (Groundball, 6, EV 80.6 MPH)
|
|
Batting: RHB Marcus Dawson
|
0-0: DOUBLE (Line Drive, 9LD, EV 105.0 MPH)
|
|
Batting: SHB Alex Medina
|
0-0: Ball 1-0: Fly out, F7 (Flyball, 7, EV 79.4 MPH)
|
|
Batting: RHB Pat Drader
|
0-0: Foul Ball, location: 2F 0-1: Called Strike 0-2: Ground out U3 (Groundball, 34, EV 99.4 MPH)
|
| Top of the 3rd over - 0 runs, 1 hit, 0 errors, 1 left on base; Harrisburg 0 - Mississippi 1 |
| BOTTOM OF THE 3RD |
|
Mississippi Braves batting - Pitching for Harrisburg Senators : RHP Alex Vasquez
|
|
Batting: RHB Mike Meeker
|
0-0: Foul Ball, location: 2F 0-1: Ground out 6-3 (Groundball, P, EV 88.1 MPH)
|
|
Batting: RHB Riley Nasiir
|
0-0: Fly out, F5 (Line Drive, 56, EV 63.8 MPH)
|
|
Batting: LHB Tsutomu Miyahara
|
0-0: Ball 1-0: Ball 2-0: Ball 3-0: Base on Balls
|
|
Batting: RHB Ike Trout
|
0-0: Ball 1-0: Foul Ball, location: 2F 1-1: Fielders Choice at 2nd, U4 (Groundball, 4M, EV 82.5 MPH)
|
| Bottom of the 3rd over - 0 runs, 0 hits, 0 errors, 1 left on base; Harrisburg 0 - Mississippi 1 |
| TOP OF THE 4TH |
|
Harrisburg Senators batting - Pitching for Mississippi Braves : RHP Sean Geer
|
|
Batting: RHB Ryan Hiemer
|
0-0: Called Strike 0-1: Ball 1-1: Ball 2-1: Ball 3-1: Base on Balls
|
|
Batting: LHB John Luke
|
0-0: Called Strike 0-1: Reached on error, E4 (Groundball, 4, EV 80.6 MPH) Ryan Hiemer to second
|
|
Batting: RHB Kevin Wick
|
0-0: Foul Ball, location: 2F 0-1: Called Strike 0-2: Ball 1-2: Fly out, F4 (Popup, 13, EV 76.9 MPH)
|
|
Batting: RHB Jim Miske
|
0-0: Swinging Strike 0-1: Ball 1-1: Ball 2-1: Foul Ball, location: 2F 2-2: Foul Ball, location: 2F 2-2: Ball 3-2: Fielders Choice at 2nd, 6-4 (Groundball, 6, EV 105.0 MPH) Ryan Hiemer to third
|
|
Batting: RHB Ben Welt
|
0-0: Ball 1-0: Swinging Strike 1-1: Ball 2-1: Ball 3-1: Foul Ball, location: 2F 3-2: Strikes out swinging
|
| Top of the 4th over - 0 runs, 0 hits, 1 error, 2 left on base; Harrisburg 0 - Mississippi 1 |
| BOTTOM OF THE 4TH |
|
Mississippi Braves batting - Pitching for Harrisburg Senators : RHP Alex Vasquez
|
|
Batting: RHB Xavier Davis
|
0-0: Called Strike 0-1: Called Strike 0-2: Foul Ball, location: 2F 0-2: Ball 1-2: Strikes out looking
|
|
Batting: SHB Bob Morales
|
0-0: Fly out, F9 (Flyball, 9LS, EV 84.4 MPH)
|
|
Batting: LHB Oke Monti
|
0-0: Ball 1-0: Foul Ball, location: 2F 1-1: DOUBLE (Line Drive, 7LM, EV 109.4 MPH)
|
|
Batting: RHB Hieronim Rutkowski
|
0-0: Ball 1-0: Ball 2-0: Called Strike 2-1: Fly out, F8 (Flyball, 8LM, EV 95.0 MPH)
|
| Bottom of the 4th over - 0 runs, 1 hit, 0 errors, 1 left on base; Harrisburg 0 - Mississippi 1 |
| TOP OF THE 5TH |
|
Harrisburg Senators batting - Pitching for Mississippi Braves : RHP Sean Geer
|
|
Batting: RHB John McNeill
|
0-0: Ball 1-0: SINGLE (Groundball, 56D, EV 107.5 MPH)
|
|
Batting: RHB Marcus Dawson
|
0-0: Foul Ball, location: 2F 0-1: Ball 1-1: Fly out, F8 (Flyball, 8LM, EV 86.9 MPH)
|
|
Batting: SHB Alex Medina
|
0-0: Called Strike 0-1: Called Strike 0-2: Strikes out swinging
|
|
Batting: RHB Pat Drader
|
0-0: Called Strike 0-1: Ball 1-1: Called Strike 1-2: Ball 2-2: Ball 3-2: Base on Balls John McNeill to second
|
|
Batting: RHB Ryan Hiemer
|
0-0: Ball 1-0: Ball 2-0: Foul Ball, location: 2F 2-1: Foul Ball, location: 2F 2-2: Fielders Choice at 2nd, 6-4 (Groundball, 56, EV 86.9 MPH)
|
| Top of the 5th over - 0 runs, 1 hit, 0 errors, 2 left on base; Harrisburg 0 - Mississippi 1 |
| BOTTOM OF THE 5TH |
|
Mississippi Braves batting - Pitching for Harrisburg Senators : RHP Alex Vasquez
|
|
Batting: LHB Luis Cruz
|
0-0: Ball 1-0: Ball 2-0: Ball 3-0: Called Strike 3-1: Fly out, F5 (Popup, 5DF, EV 55.6 MPH)
|
|
Batting: RHB Mike Meeker
|
0-0: Called Strike 0-1: Ball 1-1: Foul Ball, location: 2F 1-2: Foul Ball, location: 2F 1-2: Strikes out swinging
|
|
Batting: RHB Riley Nasiir
|
0-0: Ball 1-0: Fly out, F8 (Flyball, 8RM, EV 85.0 MPH)
|
| Bottom of the 5th over - 0 runs, 0 hits, 0 errors, 0 left on base; Harrisburg 0 - Mississippi 1 |
| TOP OF THE 6TH |
|
Harrisburg Senators batting - Pitching for Mississippi Braves : RHP Sean Geer
|
|
Batting: RHB Tony Madrigal
|
0-0: Ball 1-0: Swinging Strike 1-1: Ground out 5-3 (Groundball, 5, EV 88.1 MPH)
|
|
Batting: RHB Kevin Wick
|
0-0: Ball 1-0: Ball 2-0: Called Strike 2-1: Foul Ball, location: 2F 2-2: Foul Ball, location: 2F 2-2: Strikes out swinging
|
|
Batting: RHB Jim Miske
|
0-0: Swinging Strike 0-1: Foul Ball, location: 2F 0-2: Strikes out swinging
|
| Top of the 6th over - 0 runs, 0 hits, 0 errors, 0 left on base; Harrisburg 0 - Mississippi 1 |
| BOTTOM OF THE 6TH |
|
Mississippi Braves batting - Pitching for Harrisburg Senators : RHP Alex Vasquez
|
|
Batting: LHB Tsutomu Miyahara
|
0-0: Foul Ball, location: 2F 0-1: Called Strike 0-2: Strikes out swinging
|
|
Batting: RHB Ike Trout
|
0-0: DOUBLE (Line Drive, 89XD, EV 101.9 MPH)
|
|
Batting: RHB Xavier Davis
|
0-0: Fly out, F7 (Line Drive, 7S, EV 95.6 MPH)
|
|
Batting: SHB Bob Morales
|
0-0: 2-RUN HOME RUN (Line Drive, 8LXD, EV 113.8 MPH), Distance : 418 ft
|
|
Batting: LHB Oke Monti
|
0-0: Ball 1-0: Called Strike 1-1: SINGLE (Line Drive, 89S, EV 111.2 MPH)
|
|
Batting: RHB Hieronim Rutkowski
|
0-0: Called Strike 0-1: Called Strike 0-2: Ball 1-2: Ball 2-2: Foul Ball, location: 2F 2-2: Ball 3-2: Foul Ball, location: 2F 3-2: Foul Ball, location: 2F 3-2: Foul Ball, location: 2F 3-2: Fly out, F9 (Flyball, 89S, EV 78.1 MPH)
|
| Bottom of the 6th over - 2 runs, 3 hits, 0 errors, 1 left on base; Harrisburg 0 - Mississippi 3 |
| TOP OF THE 7TH |
|
Harrisburg Senators batting - Pitching for Mississippi Braves : RHP Sean Geer
|
|
Now at 3B: Riley Nasiir
|
|
|
Now at SS: Alex Velasquez
|
|
|
Batting: RHB Ben Welt
|
0-0: Foul Ball, location: 2F 0-1: Ball 1-1: Swinging Strike 1-2: Strikes out swinging
|
|
Batting: RHB John McNeill
|
0-0: Fly out, F8 (Flyball, 78S, EV 82.5 MPH)
|
|
Batting: RHB Marcus Dawson
|
0-0: Ground out 6-3 (Groundball, 6, EV 104.4 MPH)
|
| Top of the 7th over - 0 runs, 0 hits, 0 errors, 0 left on base; Harrisburg 0 - Mississippi 3 |
| BOTTOM OF THE 7TH |
|
Mississippi Braves batting - Pitching for Harrisburg Senators : RHP Alex Vasquez
|
|
Batting: LHB Luis Cruz
|
0-0: Ground out 4-3 (Groundball, 34, EV 85.6 MPH)
|
|
Batting: RHB Alex Velasquez
|
0-0: Ball 1-0: Called Strike 1-1: Ground out 6-3 (Groundball, 6, EV 101.2 MPH)
|
|
Batting: RHB Riley Nasiir
|
0-0: Hit by Pitch
|
|
Batting: LHB Tsutomu Miyahara
|
0-0: Ball 1-0: Swinging Strike 1-1: Foul Ball, location: 2F 1-2: Foul Ball, location: 2F 1-2: SINGLE (Flyball, 56D, EV 90.0 MPH) Riley Nasiir to second
|
|
Batting: RHB Ike Trout
|
0-0: Fielders Choice at 2nd, U4 (Groundball, 4M, EV 81.2 MPH)
|
| Bottom of the 7th over - 0 runs, 1 hit, 0 errors, 2 left on base; Harrisburg 0 - Mississippi 3 |
| TOP OF THE 8TH |
|
Harrisburg Senators batting - Pitching for Mississippi Braves : RHP Sean Geer
|
|
Batting: SHB Alex Medina
|
0-0: Foul Ball, location: 2F 0-1: Ground out 4-3 (Groundball, 4, EV 101.9 MPH)
|
|
Batting: RHB Pat Drader
|
0-0: Ball 1-0: Ball 2-0: SINGLE (Groundball, 56D, EV 107.5 MPH)
|
|
Batting: RHB Ryan Hiemer
|
0-0: Ball 1-0: Foul Ball, location: 2F 1-1: Ball 2-1: Called Strike 2-2: Strikes out swinging
|
|
Batting: RHB Tony Madrigal
|
0-0: Called Strike 0-1: Ball 1-1: Ball 2-1: Ground out U3 (Groundball, 34S, EV 91.2 MPH)
|
| Top of the 8th over - 0 runs, 1 hit, 0 errors, 1 left on base; Harrisburg 0 - Mississippi 3 |
| BOTTOM OF THE 8TH |
|
Mississippi Braves batting - Pitching for Harrisburg Senators : RHP Alex Vasquez
|
|
Batting: RHB Xavier Davis
|
0-0: Foul Ball, location: 2F 0-1: Called Strike 0-2: Ball 1-2: Ground out 4-3 (Groundball, 4, EV 86.2 MPH)
|
|
Pitching: LHP Kyle Bachman
|
|
|
Batting: SHB Bob Morales
|
0-0: Foul Ball, location: 2F 0-1: Ball 1-1: Called Strike 1-2: Strikes out swinging
|
|
Batting: LHB Oke Monti
|
0-0: Ball 1-0: Foul Ball, location: 2F 1-1: Foul Ball, location: 2F 1-2: Ball 2-2: Ball 3-2: Ground out 4-3 (Groundball, 4MS, EV 65.6 MPH)
|
| Bottom of the 8th over - 0 runs, 0 hits, 0 errors, 0 left on base; Harrisburg 0 - Mississippi 3 |
| TOP OF THE 9TH |
|
Harrisburg Senators batting - Pitching for Mississippi Braves : RHP Sean Geer
|
|
Pitching: RHP Rodolfo Mendez
|
|
|
Batting: RHB Kevin Wick
|
0-0: Ball 1-0: Ball 2-0: Called Strike 2-1: Ball 3-1: Ground out 5-3 (Groundball, 5S, EV 84.4 MPH)
|
|
Batting: RHB Jim Miske
|
0-0: Called Strike 0-1: Foul Ball, location: 2F 0-2: Ball 1-2: Ball 2-2: Strikes out swinging
|
|
Batting: RHB Ben Welt
|
0-0: Ball 1-0: Foul Ball, location: 2F 1-1: Called Strike 1-2: Ball 2-2: Ball 3-2: Strikes out swinging
|
| Top of the 9th over - 0 runs, 0 hits, 0 errors, 0 left on base; Harrisburg 0 - Mississippi 3 |
|